 Dungeon Sprint DCSS version 0.32-a0-913-g739538afd8 (webtiles) character file.

Game seed: 10112318300753518350

26413 Revguard the Covert (level 13, -9/73 HPs)
             Began as a Vine Stalker Monk on Apr 9, 2024.
             Was the Champion of Wu Jian.
             Killed from afar by a hell hog (16 damage)
             ... with a fireball
             ... in the Dungeon (Sprint V: "Ziggurat Sprint").
             The game lasted 00:18:24 (694 turns).

Revguard the Covert (Vine Stalker Monk)              Turns: 694, Time: 00:18:25

Health: -9/73      AC: 23    Str: 28    XL:     13   Next: 25%
Magic:  0/38       EV: 38    Int: 13    God:    Wu Jian [******]
Gold:   0          SH: 10    Dex: 29    Spells: 27/34 levels left

rFire   . . .        B - +9 quick blade
rCold   . . .        N - +2 buckler of Ravioli {rC- Str+5 Dex+5}
rNeg    . . .        C - +5 shadow dragon scales
rPois   .            D - +0 hat {Int+3}
rElec   .            X - +1 cloak of Qebedd {Str+3 Stlth+}
rCorr   .            (no gloves)
SInv    .            (no boots)
Will    +....        J - amulet "Koamyzic" {Acrobat rC+}
Stlth   ++++         v - +6 ring of dexterity
HPRegen 1.12/turn    b - ring "Sushusm" {MP+9 Str+2 Stlth+}
MPRegen 0.26/turn

%: no teleportation, acrobat, guardian spirit
@: exhausted, fugue, in a heavenly storm, acrobatic, glowing
A: fangs 3, regeneration 1, magic shield, antimagic bite, no potion heal 2
a: Renounce Religion, Wall Jump, Serpent's Lash, Heavenly Storm


You were in the Dungeon.
You worshipped Wu Jian.
Wu Jian was exalted by your worship.
You visited 1 branch

Inventory:

Hand Weapons
 B - a +9 quick blade (weapon)
 F - a +4 short sword of holy wrath
Armour
 C - +5 shadow dragon scales (worn)
 D - a +0 hat of intelligence (worn)
 N - the +2 buckler of Ravioli (worn) {rC- Str+5 Dex+5}
   (You found it in the Dungeon)

   Str+5:     It affects your strength (+5).
   Dex+5:     It affects your dexterity (+5).
   rC-:       It makes you vulnerable to cold.
 X - the +1 cloak of Qebedd (worn) {Str+3 Stlth+}
   (You found it in the Dungeon)

   Str+3:     It affects your strength (+3).
   Stlth+:    It makes you more stealthy.
Jewellery
 a - a +5 ring of evasion
 b - the ring "Sushusm" (right hand) {MP+9 Str+2 Stlth+}
   (You found it in the Dungeon)

   [ring of magical power]

   Str+2:     It affects your strength (+2).
   MP+9:      It affects your magic capacity (+9).
   Stlth+:    It makes you more stealthy.
 m - the ring "Hisuse Gacry" {Fire MP+9 Int-5 Dex+4 Stlth+}
   (You found it in the Dungeon)

   [ring of fire]

   Fire:      It enhances your fire magic.
   Int-5:     It affects your intelligence (-5).
   Dex+4:     It affects your dexterity (+4).
   rF+:       It protects you from fire.
   rC-:       It makes you vulnerable to cold.
   MP+9:      It affects your magic capacity (+9).
   Stlth+:    It makes you more stealthy.
 u - a ring of fire
 v - a +6 ring of dexterity (left hand)
 w - a ring of protection from fire
 y - a ring of fire
 J - the amulet "Koamyzic" (around neck) {Acrobat rC+}
   (You found it in the Dungeon)

   [amulet of the acrobat]

   Acrobat:   It increases your evasion while moving and waiting.
   rC+:       It protects you from cold.
 M - the ring "Ruvah" {rElec rPois rF+ EV+5 Int-5}
   (You found it in the Dungeon)

   [ring of evasion]

   EV+5:      It affects your evasion (+5).
   Int-5:     It affects your intelligence (-5).
   rF+:       It protects you from fire.
   rElec:     It insulates you from electricity.
   rPois:     It protects you from poison.
 R - an amulet of regeneration
 V - the brooch of Shielding {Spirit SH+8}
   (You found it in the Dungeon)

   [amulet of guardian spirit]

   Spirit:    It causes incoming damage to be divided between your reserves of
   health and magic.
   SH+8:      It affects your SH (+8).
 W - a ring of willpower
Wands
 d - a wand of flame (26)
 s - a wand of mindburst (7)
 t - a wand of quicksilver (5)
 G - a wand of paralysis (10)
 I - a wand of polymorph (10)
 K - a wand of warping (18)
 S - a wand of digging (6)
Scrolls
 i - a scroll of blinking
 o - 4 scrolls of amnesia
 p - 7 scrolls of fog
 q - 5 scrolls of identify
 r - 2 scrolls of fear
Potions
 c - a potion of ambrosia
 e - 10 potions of curing
 f - 6 potions of haste
 g - 7 potions of magic
 h - 3 potions of berserk rage
 j - 2 potions of brilliance
 k - a potion of invisibility
 l - 4 potions of resistance
 n - 5 potions of might
Miscellaneous
 x - a Gell's gravitambourine (2/2)


   Skills:
 + Level 10.8 Fighting
 + Level 10.8 Short Blades
 + Level 9.5 Armour
 + Level 10.0 Dodging
 + Level 14.4 Stealth
 + Level 10.4 Shields
 + Level 11.3 Spellcasting
 + Level 11.3 Hexes
 + Level 11.3 Necromancy
 + Level 10.4 Evocations


You had 27 spell levels left.
You knew the following spells:

 Your Spells              Type           Power      Damage    Failure   Level
a - Dispel Undead         Necr           36%        3d15      4%          4
b - Fugue of the Fallen   Necr           36%        N/A       1%          3

Your spell library contained the following spells:

 Spells                   Type           Power      Damage    Failure   Level
 Necrotise                Necr           100%       1d9       1%          1
 Jinxbite                 Hex            72%        N/A       1%          2
 Sublimation of Blood     Necr           36%        N/A       1%          2
 Anguish                  Hex/Necr       18%        N/A       4%          4
 Cause Fear               Hex            18%        N/A       4%          4
 Apportation              Tloc           14%        N/A       43%         1
 Foxfire                  Conj/Fire      28%        2x1d5     43%         1
 Freeze                   Ice            28%        1d5       43%         1
 Magic Dart               Conj           28%        1d4       43%         1
 Sandblast                Erth           14%        2d6       43%         1
 Shock                    Conj/Air       28%        1d4       43%         1
 Sting                    Conj/Alch      28%        1d4       43%         1
 Summon Small Mammal      Summ           28%        N/A       43%         1
 Blink                    Tloc           14%        N/A       56%         2
 Call Imp                 Summ           14%        N/A       56%         2
 Metabolic Englaciation   Hex/Ice        11%        N/A       77%         5
 Summon Mana Viper        Hex/Summ       22%        N/A       77%         5
 Call Canine Familiar     Summ           7%         N/A       80%         3
 Frozen Ramparts          Ice            14%        1d3       80%         3
 Hailstorm                Conj/Ice       7%         3d5       80%         3
 Ozocubu's Armour         Ice            7%         N/A       80%         3
 Stone Arrow              Conj/Erth      14%        3d7       80%         3
 Teleport Other           Tloc           7%         N/A       80%         3
 Volatile Blastmotes      Fire/Tloc      14%        2d11      80%         3
 Enfeeble                 Hex            18%        N/A       98%         7
 Animate Armour           Summ/Erth      14%        N/A       99%         4
 Brom's Barrelling Bould  Conj/Erth      7%         2d3       99%         4
 Flame Wave               Conj/Fire      7%         2d5       99%         4
 Fulminant Prism          Conj/Alch      3%         3d5       99%         4
 Iskenderun's Mystic Bla Conj/Tloc 7%             2d4        (+2d1     99%         4
 Summon Blazeheart Golem  Fire/Summ      7%         N/A       99%         4
 Summon Lightning Spire   Summ/Air       7%         N/A       99%         4
 Alistair's Intoxication  Alch           4%         N/A       100%        5
 Fireball                 Conj/Fire      3%         3d4       100%        5
 Irradiate                Conj/Alch      3%         3d12      100%        5
 Summon Forest            Summ/Tloc      3%         N/A       100%        5
 Conjure Ball Lightning   Conj/Air       3%         3x3d6     100%        6
 Dispersal                Tloc           3%         N/A       100%        6
 Eringya's Noxious Bog    Alch           3%         4d6       100%        6
 Gell's Gavotte           Tloc           3%         2d(13-19) 100%        6
 Permafrost Eruption      Ice/Erth       3%         2x4d2     100%        6
 Summon Cactus Giant      Summ           3%         N/A       100%        6
 Malign Gateway           Summ/Tloc      3%         N/A       100%        7
 Manifold Assault         Tloc           3%         N/A       100%        7
 Summon Hydra             Summ           3%         N/A       100%        7
 Lehudib's Crystal Spear  Conj/Erth      3%         10d3      100%        8
 Summon Horrible Things   Summ           3%         N/A       100%        8
 Fire Storm               Conj/Fire      3%         8d1       100%        9


Dungeon Overview and Level Annotations

Branches:
Dungeon (1/1)

Altars:
Ashenzari
Cheibriados
Dithmenos
Elyvilon
Fedhas
Gozag
Hepliaklqana
Kikubaaqudgha
Makhleb
Nemelex Xobeh
Okawaru
Qazlal
Ru
Sif Muna
Trog
Uskayaw
Vehumet
Wu Jian
Xom
Yredelemnul
Zin
The Shining One
Beogh
Jiyva
Lugonu

Annotations:
D 1 transporter


Innate Abilities, Weirdness & Mutations

You have razor-sharp teeth.
Your natural rate of healing is unusually fast.
When hurt, damage is shared between your health and your magic reserves.
Your bite disrupts and absorbs the magic of your enemies.
Potions cannot restore your health.


Message History

The Council accepts your kill. The balrug gestures at you.
The bolt of fire hits you!
You block the salamander tyrant's attack.
The balrug gestures at you. You block the pyre arrow.
The balrug gestures at you. The bolt of fire hits you!!
* * * LOW HITPOINT WARNING * * *
Your Dodging skill increases to level 10!
You spin and attack the searing wretch.
You hit the searing wretch. You bite the searing wretch! You drain its power.
You feel invigorated.
You hit the searing wretch but do no damage.
The searing wretch is lightly damaged.
The wailing of tortured souls fills the air!
The searing wretch claws you.
* * * LOW HITPOINT WARNING * * *
You are engulfed in flames!!
* * * LOW HITPOINT WARNING * * *
The searing wretch closely misses you.
Blink to where?
Press: ? - help, Dir - move target
As you read the scroll of blinking, it crumbles to dust.
Okay, then.
Okay, then.
You lunge at the Brimstone Fiend, in a flurry of attacks.
You hit the Brimstone Fiend but do no damage.
You bite the Brimstone Fiend.
The Brimstone Fiend's magic leaks into the air.
You drain its magic.
You feel invigorated.
You hit the Brimstone Fiend.
The Brimstone Fiend is lightly wounded.
You hit the Brimstone Fiend but do no damage.
Your bite misses the Brimstone Fiend.
You hit the Brimstone Fiend but do no damage.
The Brimstone Fiend is lightly wounded.
The hell hog bites you but does no damage.
The Brimstone Fiend falters for a moment.
The hell hog breathes fire at you.
The fireball explodes!
The fireball engulfs you!!
You die...

▓.....ß©ß.....▓....
▓..}!=[[):)...▓..)§
▓...")||!/[...▓...☼
▓.............▓....
▓...°..°.○....▓....
▓....°.n°.○...▓....
▓☼§§§N.2n.☼...▓....
▓§§§Nn.C2.☼...▓....
▓§@▓122n§○§▓..▓..▓.
▓○▓○▓°.☼°§▓.▓ ▓....
▓☼○▓hN.....▓..▓....
▓°°○°°........▓▓▓▓▓
▓○○§○§.©......▓....
▓▓▓▓▓▓▓▓▓▓▓▓▓▓▓...)
▓.... ▓.... ▓....


You could see a salamander tyrant and a hell hog (catching breath).

Vanquished Creatures
  2 orc warlords (D)
  A balrug (D)
  A stone giant (D)
  A fire dragon (D)
  An anaconda (D)
  2 dancing weapons (D)
  3 naga warriors (D)
  A deep elf knight (D)
  A hell hog (D)
  A death drake (D)
  3 swamp dragons (D)
  A deep elf pyromancer (D)
  4 orc sorcerers (D)
  7 orc knights (D)
  2 deep elf zephyrmancers (D)
  A black mamba (D)
  3 kobold blastminers (D)
  A naga mage (D)
  A cane toad (D)
  A guardian serpent (D)
  2 rime drakes (D)
  A troll (D)
  2 polar bears (D)
  4 hornets (D)
  3 glass eyes (D)
  A yak (D)
  2 slime creatures (D)
  3 wyverns (D)
  6 spriggans (D)
  2 basilisks (D)
  A golden eye (D)
  3 steam dragons (D)
  4 acid dragons (D)
  2 water moccasins (D)
  An ice beast (D)
  6 ogres (D)
  9 orc warriors (D)
  A swamp drake (D)
  4 wolves (D)
  A phantom (D)
  A bullfrog (D)
  A wight (D)
  An orc priest (D)
  2 jellies (D)
  An iguana (D)
  An orc wizard (D)
  4 mummies (D)
  2 adders (D)
  An adder zombie (D)
  3 ball pythons (D)
  3 bat zombies (D)
  A jackal (D)
  A ball python skeleton (D)
  A ball python zombie (D)
  A quokka skeleton (D)
120 creatures vanquished.

Notes
Turn   | Place    | Note
-------+----------+-------------------------------------------
     0 | D        | Revguard the Vine Stalker Monk began the quest for the Orb.
     0 | D        | Reached XP level 1. HP: 11/11 MP: 2/2
     0 | D        | Found a shimmering blue altar of Sif Muna.
     0 | D        | Found a sacrificial altar of Ru.
     0 | D        | Found a bloodstained altar of Trog.
     0 | D        | Found a stormy altar of Qazlal.
     0 | D        | Found an iron altar of Okawaru.
     0 | D        | Found a sparkling altar of Nemelex Xobeh.
     0 | D        | Found a blossoming altar of Fedhas.
     0 | D        | Found the +6 Majin-Bo {spellvamp, MP+6 Int+6}
     0 | D        | Found the +27 heavy crossbow "Sniper" {heavy, Acc+∞ SInv}
     0 | D        | Found the +10 dark maul {heavy}
     0 | D        | Found the +15 Maxwell's patent armour {-Cast -Tele rElec
                  | Will+ rCorr}
     0 | D        | Found the +18 shield of the Gong {Loud rN+ Will+ rCorr
                  | EV-5}
     0 | D        | Found the +16 obsidian axe {drain, demonic, Mesm ^Drain Fly
                  | SInv}
     0 | D        | Found the +7 great mace "Firestarter" {flame, immolate,
                  | rFlCloud rF++}
     0 | D        | Found the +6 shillelagh "Devastator" {shatter}
     0 | D        | Found the +11 plutonium sword {^Contam Stlth-}
     0 | D        | Found the +8 lance "Wyrmbane" {slay drac, rPois rF+ rC+
                  | AC+3}
     0 | D        | Found the +9 sword of Zonguldrok {reap}
     0 | D        | Found the +13 scythe of Curses {drain, curses, ^Drain}
     0 | D        | Found the +9 sword of Power {lifebolt}
     0 | D        | Found the +7 mace of Variability {chaos, chaos arc}
     0 | D        | Found the +11 Singing Sword {sonic wave}
     0 | D        | Found the +8 storm bow {elec, penet}
     2 | D        | Found a transporter.
     2 | D        | Found an ancient bone altar of Kikubaaqudgha.
     2 | D        | Found a viscous altar of Jiyva.
     2 | D        | Found a corrupted altar of Lugonu.
     2 | D        | Found a hazy altar of Hepliaklqana.
     2 | D        | Found a burning altar of Makhleb.
     2 | D        | Found an opulent altar of Gozag.
    48 | D        | Became a worshipper of the Wu Jian Council
    48 | D        | Reached * piety under Wu Jian
    48 | D        | Reached ** piety under Wu Jian
    57 | D        | Reached skill level 1 in Armour
    57 | D        | Reached skill level 2 in Stealth
    57 | D        | Reached skill level 1 in Shields
    57 | D        | Reached skill level 1 in Evocations
    57 | D        | Reached XP level 2. HP: 16/16 MP: 3/6
    87 | D        | Entered arena 2.
    87 | D        | Noticed a wight
    87 | D        | Found a transporter.
    90 | D        | Killed a wight
    91 | D        | Reached skill level 3 in Stealth
    91 | D        | Reached XP level 3. HP: 16/21 MP: 3/7
    91 | D        | Reached XP level 4. HP: 19/25 MP: 3/8
    94 | D        | Got the ring "Hisuse Gacry" {Fire MP+9 Int-5 Dex+4 Stlth+}
   138 | D        | Entered arena 3.
   138 | D        | Noticed an ice beast
   138 | D        | Noticed a polar bear
   138 | D        | Noticed a polar bear
   138 | D        | Found a transporter.
   146 | D        | Killed an ice beast
   147 | D        | Reached skill level 4 in Stealth
   147 | D        | Reached XP level 5. HP: 9/29 MP: 1/11
   147 | D        | Killed a polar bear
   147 | D        | Reached *** piety under Wu Jian
   148 | D        | Reached skill level 5 in Stealth
   148 | D        | Reached XP level 6. HP: 12/35 MP: 9/13
   151 | D        | Killed a polar bear
   152 | D        | Reached skill level 5 in Fighting
   152 | D        | Reached skill level 5 in Short Blades
   152 | D        | Reached skill level 6 in Stealth
   152 | D        | Reached XP level 7. HP: 18/39 MP: 13/15
   169 | D        | Entered arena 4.
   169 | D        | Noticed a glass eye
   169 | D        | Noticed a glass eye
   169 | D        | Noticed a glass eye
   169 | D        | Found a transporter.
   178 | D        | Killed a glass eye
   179 | D        | Reached skill level 5 in Dodging
   179 | D        | Reached skill level 5 in Spellcasting
   179 | D        | Reached skill level 5 in Hexes
   179 | D        | Reached skill level 5 in Necromancy
   186 | D        | Killed a glass eye
   186 | D        | Reached **** piety under Wu Jian
   187 | D        | Reached skill level 7 in Stealth
   187 | D        | Gained mutation: You have razor-sharp teeth. [Vine Stalker
                  | growth]
   187 | D        | Reached XP level 8. HP: 44/44 MP: 15/17
   188 | D        | Killed a glass eye
   189 | D        | Reached skill level 5 in Shields
   189 | D        | Reached skill level 5 in Evocations
   207 | D        | Entered arena 5.
   207 | D        | Noticed a slime creature
   207 | D        | Noticed a slime creature
   207 | D        | Found a transporter.
   217 | D        | Killed a slime creature
   219 | D        | HP: 2/44 [slime creature (5)]
   221 | D        | Killed a slime creature
   222 | D        | Reached skill level 5 in Armour
   222 | D        | Reached skill level 8 in Stealth
   222 | D        | Reached ***** piety under Wu Jian
   319 | D        | Entered arena 6.
   319 | D        | Found a transporter.
   327 | D        | Reached XP level 9. HP: 49/49 MP: 19/19
   331 | D        | Got Improving Your Thaumaturgy
   333 | D        | Got the ring "Sushusm" {MP+9 Str+2 Stlth+}
   335 | D        | Got Sif Muna's Catalogue of Dark Company
   342 | D        | Entered arena 7.
   342 | D        | Noticed a +2 antimagic battleaxe
   342 | D        | Noticed a deep elf pyromancer
   342 | D        | Noticed a deep elf zephyrmancer
   342 | D        | Noticed a deep elf zephyrmancer
   342 | D        | Noticed a deep elf knight
   342 | D        | Noticed a +2 heavy battleaxe
   343 | D        | Found a transporter.
   345 | D        | Killed a +2 heavy battleaxe
   347 | D        | Killed a deep elf pyromancer
   348 | D        | Reached skill level 9 in Stealth
   349 | D        | Killed a +2 antimagic battleaxe
   349 | D        | Killed a deep elf zephyrmancer
   349 | D        | Killed a deep elf zephyrmancer
   350 | D        | Reached XP level 10. HP: 13/55 MP: 22/22
   350 | D        | Killed a deep elf knight
   351 | D        | Reached skill level 10 in Stealth
   365 | D        | Entered arena 8.
   366 | D        | Found a transporter.
   369 | D        | Reached ****** piety under Wu Jian
   384 | D        | Got the amulet "Koamyzic" {Acrobat rC+}
   391 | D        | Entered arena 9.
   392 | D        | Found a transporter.
   407 | D        | Entered arena 10.
   407 | D        | Noticed a cane toad
   408 | D        | Found a transporter.
   410 | D        | Killed a cane toad
   417 | D        | Reached XP level 11. HP: 60/60 MP: 24/24
   420 | D        | Got the amulet "Weff" {Spirit rElec rPois Dex+5}
   434 | D        | Entered arena 11.
   434 | D        | Noticed a spriggan rider
   434 | D        | Noticed a spriggan rider
   434 | D        | Noticed a spriggan rider
   434 | D        | Noticed a spriggan rider
   435 | D        | Found a transporter.
   439 | D        | Reached skill level 11 in Stealth
   452 | D        | Got the ring "Ruvah" {rElec rPois rF+ EV+5 Int-5}
   454 | D        | Got the +2 buckler of Ravioli {rC- Str+5 Dex+5}
   467 | D        | Entered arena 12.
   467 | D        | Noticed an orc knight
   467 | D        | Noticed an orc sorcerer
   467 | D        | Noticed a stone giant
   468 | D        | Noticed an orc sorcerer
   468 | D        | Noticed an orc knight
   469 | D        | Found a transporter.
   473 | D        | Killed an orc sorcerer
   473 | D        | Killed an orc knight
   473 | D        | Killed an orc sorcerer
   479 | D        | Killed an orc knight
   480 | D        | Reached skill level 12 in Stealth
   482 | D        | Killed a stone giant
   497 | D        | Entered arena 13.
   497 | D        | Noticed a fire dragon
   497 | D        | Noticed a swamp dragon
   498 | D        | Noticed a swamp dragon
   498 | D        | Noticed a death drake
   498 | D        | Noticed a swamp dragon
   499 | D        | Found a transporter.
   505 | D        | Killed a swamp dragon
   505 | D        | Killed a swamp dragon
   505 | D        | Killed a fire dragon
   505 | D        | Killed a death drake
   505 | D        | Reached XP level 12. HP: 67/67 MP: 26/26
   507 | D        | Reached skill level 10 in Spellcasting
   507 | D        | Reached skill level 10 in Necromancy
   509 | D        | Reached skill level 10 in Hexes
   524 | D        | Got Qylenues's Information on Striking
   528 | D        | Entered arena 14.
   531 | D        | Found a transporter.
   536 | D        | Reached skill level 13 in Stealth
   542 | D        | Reached skill level 10 in Fighting
   542 | D        | Reached skill level 10 in Short Blades
   560 | D        | Entered arena 15.
   561 | D        | Noticed an orc warlord
   562 | D        | Noticed an orc warlord
   562 | D        | Found the brooch of Shielding {Spirit SH+8}
   563 | D        | Found a transporter.
   576 | D        | Killed an orc warlord
   578 | D        | Killed an orc warlord
   592 | D        | Got the +1 cloak of Qebedd {Str+3 Stlth+}
   598 | D        | Got Poschuur's Compendium of the Incendiary Squall
   635 | D        | Learned a level 4 spell: Dispel Undead
   639 | D        | Learned a level 3 spell: Fugue of the Fallen
   644 | D        | Entered arena 16.
   645 | D        | Noticed a naga warrior
   645 | D        | Noticed an anaconda
   646 | D        | Noticed a naga warrior
   646 | D        | Noticed a naga warrior
   649 | D        | Reached skill level 10 in Evocations
   649 | D        | Killed a naga warrior
   649 | D        | Reached skill level 14 in Stealth
   649 | D        | Reached skill level 10 in Shields
   649 | D        | Reached XP level 13. HP: 72/72 MP: 28/28
   649 | D        | Found a transporter.
   681 | D        | Entered arena 17.
   684 | D        | Noticed a fire giant
   684 | D        | Noticed a balrug
   684 | D        | Noticed a balrug
   684 | D        | Noticed a searing wretch
   685 | D        | Noticed a searing wretch
   685 | D        | Noticed a balrug
   685 | D        | Noticed a Brimstone Fiend
   685 | D        | Noticed a searing wretch
   685 | D        | Found the +1 robe of Vines {NoPotionHeal Regen++++}
   685 | D        | Found the +5 scythe "Finisher" {speed, execute}
   686 | D        | Found a transporter.
   688 | D        | Killed a balrug
   689 | D        | Reached skill level 10 in Dodging
   689 | D        | HP: 2/73 [searing wretch (10)]
   694 | D        | Killed from afar by a hell hog

Illustrated notes

Levels and vault maps discovered:
D:        sprint_v [room_start, room_1, room_2, room_3, room_4, room_5, room_6,
          room_7, room_8, room_9, room_10, room_11, room_12, room_13, room_14,
          room_15, room_16, room_17, room_18, room_19, room_20, room_21,
          room_22, room_23, room_24, room_25, room_26, room_27]

Skill      XL: |  1  2  3  4  5  6  7  8  9 10 11 12 13 |
---------------+----------------------------------------+-----
Fighting       | 3 4 5 6 7 8 9 10 | 10.8
Short Blades   | 3 4 5 6 7 8 9 10 | 10.8
Armour         | 1 2 3 4 5 6 8 9 |  9.5
Dodging        | 3 4 5 6 7 8 9 10 | 10.0
Stealth        | 2 3 4 5 6 7 8 9 10 12 14 | 14.4
Shields        | 1 2 3 4 5 6 7 9 10 | 10.4
Spellcasting   | 2 3 4 5 6 7 8 9 10 11 | 11.3
Hexes          | 2 3 4 5 6 7 8 9 10 11 | 11.3
Necromancy     | 2 3 4 5 6 7 8 9 10 11 | 11.3
Evocations     | 1 2 3 4 5 6 7 9 10 | 10.4

Action                     |  1- 3 |  4- 6 |  7- 9 | 10-12 | 13-15 || total
---------------------------+-------+-------+-------+-------+-------++-------
  Melee: Quick blade       |     3 |    20 |   143 |   327 |    42 ||   535
         Bite              |       |     6 |    41 |   105 |    12 ||   164
   Cast: Fugue of the Fall |       |       |       |     1 |     1 ||     2
 Invoke: Serpent's Lash    |       |       |     1 |     6 |     1 ||     8
         Heavenly Storm    |       |       |     1 |     1 |       ||     2
Ability: Lunge             |     1 |     2 |     3 |    16 |     4 ||    26
         Whirlwind         |       |     3 |    50 |   130 |    15 ||   198
         Wall Jump         |       |     1 |     3 |     1 |       ||     5
  Evoke: Wand              |       |       |     2 |       |       ||     2
    Use: Potion            |     1 |     1 |       |       |       ||     2
         Scroll            |       |     1 |     1 |     4 |     1 ||     7
   Stab: Sleeping          |     1 |     2 |     1 |       |       ||     4
         Invisible         |       |     5 |       |       |       ||     5
 Armour: Shadow dragon sca |     1 |    14 |    17 |    36 |     8 ||    76
  Dodge: Dodged            |       |     3 |    12 |    97 |     5 ||   117
  Block: Buckler           |       |       |       |    27 |     7 ||    34

Table legend: (Time is in decaauts)
 A = Elapsed time spent in this place.
 B = Non-inter-level travel time spent in this place.
 C = Inter-level travel time spent in this place.
 D = Time resting spent in this place.
 E = Time spent auto-exploring this place.
 F = Levels seen in this place.
 G = Mean time per level.
                   A        B        C        D        E       F      G
               +--------+--------+--------+--------+--------+-----+--------+
         Total |    696 |    696 |      0 |     69 |     88 |   1 |  696.0 |
       Dungeon |    696 |    696 |      0 |     69 |     88 |   1 |  696.0 |
               +--------+--------+--------+--------+--------+-----+--------+

Top non-repeatable levels by time:
       D: 696 daAuts
